 Dungeon Crawl Stone Soup version 0.22.0-38-g04b72b8c25 (webtiles) character file.

1638788 Sergey the Slayer (level 27, 268/268 HPs)
             Began as a Hill Orc Fighter on Aug 26, 2018.
             Was an Initiate of Gozag.
             Escaped with the Orb
             ... and 3 runes!
             The game lasted 02:28:30 (77556 turns).

Sergey the Slayer (Hill Orc Fighter)               Turns: 77556, Time: 02:28:30

Health: 268/268    AC: 42    Str: 34    XL:     27
Magic:  32/32      EV: 16    Int:  8    God:    Gozag
Gold:   4673       SH: 27    Dex:  8    Spells: 33/38 levels left

rFire    + + .     SeeInvis .   w - +9 broad axe (elec)
rCold    + . .     Gourm    .   W - +0 large shield
rNeg     + . .     Faith    .   y - +9 plate armour {rF+}
rPois    +         Spirit   .   (helmet restricted)
rElec    .         Reflect  .   z - +2 cloak {rPois}
rCorr    .         Harm     .   N - +2 pair of gloves {archery}
MR       +++++     Clarity  +   X - +2 pair of boots
Stlth    ..........             Q - amulet of the Four Winds {rN+ MR+++ Clar}
HPRegen  0.54/turn              p - ring of Zeycit {rPois rC+ Str+2 Dex-2, =R}
MPRegen  0.23/turn              C - ring of protection from fire

@: hasted, studying Long Blades, very quick
A: horns 1, no potion heal 1
0: Orb of Zot
}: 3/15 runes: serpentine, barnacled, silver
a: Potion Petition, Call Merchant, Bribe Branch, Renounce Religion


You escaped.
You worshipped Gozag.
Gozag was most pleased with you.
You were not hungry.

You visited 10 branches of the dungeon, and saw 50 of its levels.

You collected 33403 gold pieces.
You spent 6311 gold pieces at shops.
You paid 22419 gold pieces to Gozag.

Inventory:

Hand Weapons
 e - a +6 broad axe of draining
 w - a +9 broad axe of electrocution (weapon)
Missiles
 I - 15 throwing nets (quivered) {!f}
Armour
 q - the +1 helmet of the Volcano {Str+5}
   (You bought it in a shop on level 14 of the Dungeon)

   It affects your strength (+5).
 y - a +9 plate armour of fire resistance (worn)
 z - a +2 cloak of poison resistance (worn)
 N - a +2 pair of gloves of archery (worn)
 W - a +0 large shield (worn)
 X - a +2 pair of boots (worn)
Jewellery
 b - an uncursed ring of resist corrosion
 p - the ring of Zeycit (left hand) {rPois rC+ Str+2 Dex-2, =R}
   (You bought it in a shop on level 11 of the Dungeon)

   [ring of poison resistance]

   It affects your strength (+2).
   It affects your dexterity (-2).
   It protects you from cold.
   It protects you from poison.
 x - the ring "Caesanuz" {rElec MP+9 Slay-3 SInv Stlth+}
   (You found it on level 5 of the Depths)

   [ring of see invisible]

   It affects your accuracy and damage with ranged weapons and melee attacks
   (-3).
   It insulates you from electricity.
   It affects your magic capacity (+9).
   It lets you see invisible.
   It makes you more stealthy.
 C - a ring of protection from fire (right hand)
 Q - the amulet of the Four Winds (around neck) {rN+ MR+++ Clar}
   (You bought it in a shop on level 11 of the Dungeon)

   [amulet of nothing]

   It protects you from negative energy.
   It affects your resistance to hostile enchantments.
   It protects you against confusion.
 S - the ring of Hakass {rElec MR- Int+7 Dex+2}
   (You took it off a deep elf death mage on level 3 of the Elven Halls)

   [ring of dexterity]

   It affects your intelligence (+7).
   It affects your dexterity (+2).
   It insulates you from electricity.
   It affects your resistance to hostile enchantments.
 V - the ring "Gakhad" {MP+9 Int+6 SInv}
   (You found it on level 6 of the Lair of Beasts)

   [ring of see invisible]

   It affects your intelligence (+6).
   It affects your magic capacity (+9).
   It lets you see invisible.
 Y - the ring of Robustness {AC+8}
   (You bought it in a shop on level 3 of the Shoals)

   [ring of protection]

   It affects your AC (+8).
Wands
 r - a wand of iceblast (8)
 v - a wand of digging (17)
 M - a wand of scattershot (8)
 P - a wand of enslavement (15)
 R - a wand of paralysis (58)
Scrolls
 a - 6 scrolls of fear
 c - 11 scrolls of identify {@r1}
 j - 6 scrolls of blinking {@r4}
 l - 26 scrolls of remove curse {@r2}
 B - a scroll of fog
 D - 10 scrolls of immolation
 E - 8 scrolls of teleportation {@r3}
Potions
 d - 2 potions of might {@q3}
 g - 4 potions of haste {@q5}
 h - 8 potions of heal wounds {@q1}
 i - 4 potions of ambrosia
 k - 3 potions of invisibility
 m - 8 potions of curing {@q2}
 n - 4 potions of agility {@q4}
 o - 3 potions of mutation {!q}
 s - 2 potions of berserk rage
 t - 7 potions of brilliance
 u - 3 potions of cancellation
 F - 5 potions of flight
 O - 10 potions of lignification
 U - 2 potions of magic
Books
 H - a manual of Long Blades
Miscellaneous
 T - a phial of floods
Comestibles
 f - 25 rations


   Skills:
 + Level 25.7 Fighting
 - Level 16.4(18.0) Axes
   Level 11.1(14.0) Maces & Flails
 + Level 23.9 Armour
 + Level 17.9 Dodging
 + Level 24.9 Shields
 - Level 6.0 Spellcasting
 - Level 8.0 Charms
 - Level 8.0 Necromancy
 - Level 10.0 Evocations


You had 33 spell levels left.
You knew the following spells:

 Your Spells              Type           Power        Failure   Level  Hunger
f - Regeneration          Chrm/Necr      ###.......   8%          3    ###....
x - Song of Slaying       Chrm           ###.....     3%          2    ##.....

Your spell library contained the following spells:

 Spells                   Type           Power        Failure   Level  Hunger
 Animate Skeleton         Necr           N/A          2%          1    #......
 Infusion                 Chrm           ###.         2%          1    #......
 Pain                     Necr           ###.         2%          1    #......
 Corpse Rot               Necr           N/A          3%          2    ##.....
 Sublimation of Blood     Necr           ###.......   3%          2    ##.....
 Vampiric Draining        Necr           ###.......   8%          3    ###....
 Shroud of Golubria       Chrm/Tloc      #.........   21%         2    ##.....
 Swiftness                Chrm/Air       #.......     21%         2    ##.....
 Animate Dead             Necr           N/A          26%         4    #####..
 Ozocubu's Armour         Chrm/Ice       #.......     36%         3    ###....
 Spectral Weapon          Hex/Chrm       #.......     36%         3    ###....
 Apportation              Tloc           #.....       56%         1    #......
 Confusing Touch          Hex            #.....       56%         1    #......
 Corona                   Hex            #......      56%         1    #......
 Flame Tongue             Conj/Fire      #....        56%         1    #......
 Freeze                   Ice            #...         56%         1    #......
 Magic Dart               Conj           #...         56%         1    #......
 Shock                    Conj/Air       #...         56%         1    #......
 Sting                    Conj/Pois      #...         56%         1    #......
 Summon Butterflies       Summ           #.......     56%         1    #......
 Summon Small Mammal      Summ           #...         56%         1    #......
 Agony                    Necr           ###.....     56%         5    ######.
 Dispel Undead            Necr           ###.....     56%         5    ######.
 Excruciating Wounds      Chrm/Necr      ###.......   56%         5    ######.
 Blink                    Tloc           N/A          71%         2    ##.....
 Call Imp                 Summ           #.......     71%         2    ##.....
 Ensorcelled Hibernation  Hex/Ice        #.....       71%         2    ##.....
 Passwall                 Tmut/Erth      #.......     71%         2    ##.....
 Poisonous Vapours        Pois/Air       #.....       71%         2    ##.....
 Searing Ray              Conj           #.....       71%         2    ##.....
 Slow                     Hex            #.......     71%         2    ##.....
 Throw Flame              Conj/Fire      #.....       71%         2    ##.....
 Throw Frost              Conj/Ice       #.....       71%         2    ##.....
 Call Canine Familiar     Summ           #.......     90%         3    ###....
 Confuse                  Hex            #.......     90%         3    ###....
 Conjure Flame            Conj/Fire      #.......     90%         3    ###....
 Dazzling Spray           Conj/Hex       #.....       90%         3    ###....
 Gell's Gravitas          Tloc           #.........   90%         3    ###....
 Ignite Poison            Fire/Tmut/Pois #.......     90%         3    ###....
 Inner Flame              Hex/Fire       #.......     90%         3    ###....
 Lesser Beckoning         Tloc           #.........   90%         3    ###....
 Mephitic Cloud           Conj/Pois/Air  #.......     90%         3    ###....
 Portal Projectile        Hex/Tloc       #.....       90%         3    ###....
 Recall                   Summ/Tloc      N/A          90%         3    ###....
 Static Discharge         Conj/Air       #.......     90%         3    ###....
 Stone Arrow              Conj/Erth      #.....       90%         3    ###....
 Summon Guardian Golem    Hex/Summ       #.......     90%         3    ###....
 Tukima's Dance           Hex            #.......     90%         3    ###....
 Bolt of Draining         Conj/Necr      #.........   98%         5    ######.
 Borgnjor's Vile Clutch   Necr/Erth      #.........   98%         5    ######.
 Death Channel            Necr           ###.......   98%         6    #######
 Airstrike                Air            #.........   100%        4    #####..
 Cause Fear               Hex            #.........   100%        4    #####..
 Force Lance              Conj/Tloc      #.......     100%        4    #####..
 Fulminant Prism          Conj/Hex       #.........   100%        4    #####..
 Iskenderun's Mystic Bla  Conj           #.......     100%        4    #####..
 Leda's Liquefaction      Hex/Erth       #.........   100%        4    #####..
 Olgreb's Toxic Radiance  Pois           #.......     100%        4    #####..
 Petrify                  Tmut/Erth      #.......     100%        4    #####..
 Sticky Flame             Conj/Fire      #.......     100%        4    #####..
 Summon Ice Beast         Ice/Summ       #.......     100%        4    #####..
 Summon Lightning Spire   Summ/Air       #.......     100%        4    #####..
 Throw Icicle             Conj/Ice       #.......     100%        4    #####..
 Alistair's Intoxication  Tmut/Pois      #.......     100%        5    ######.
 Bolt of Magma            Conj/Fire/Erth #.........   100%        5    ######.
 Fireball                 Conj/Fire      #.........   100%        5    ######.
 Irradiate                Conj/Tmut      #.........   100%        5    ######.
 Lightning Bolt           Conj/Air       #.........   100%        5    ######.
 Metabolic Englaciation   Hex/Ice        #.........   100%        5    ######.
 Silence                  Hex/Air        #.........   100%        5    ######.
 Summon Forest            Summ/Tloc      #.........   100%        5    ######.
 Summon Mana Viper        Hex/Summ       #.......     100%        5    ######.
 Venom Bolt               Conj/Pois      #.........   100%        5    ######.
 Yara's Violent Unravell  Hex/Tmut       #.........   100%        5    ######.
 Bolt of Cold             Conj/Ice       #.........   100%        6    #######
 Bolt of Fire             Conj/Fire      #.........   100%        6    #######
 Conjure Ball Lightning   Conj/Air       #.........   100%        6    #######
 Deflect Missiles         Chrm/Air       #.........   100%        6    #######
 Dispersal                Tloc           #.........   100%        6    #######
 Freezing Cloud           Conj/Ice/Air   #.........   100%        6    #######
 Hydra Form               Tmut           #.........   100%        6    #######
 Invisibility             Hex            #.......     100%        6    #######
 Iron Shot                Conj/Erth      #.........   100%        6    #######
 Simulacrum               Ice/Necr       #.........   100%        6    #######
 Statue Form              Tmut/Erth      #........    100%        6    #######
 Dragon Form              Tmut           #.........   100%        7    #######
 Malign Gateway           Summ/Tloc      #.........   100%        7    #######
 Orb of Destruction       Conj           #.........   100%        7    #######
 Ring of Flames           Chrm/Fire      #.........   100%        7    #######
 Summon Hydra             Summ           #.........   100%        7    #######
 Controlled Blink         Tloc           N/A          100%        8    #######
 Disjunction              Tloc           #.........   100%        8    #######
 Ignition                 Fire           #.........   100%        8    #######
 Shatter                  Erth           #.........   100%        9    #######
 Tornado                  Air            #.........   100%        9    #######


Dungeon Overview and Level Annotations

Branches:
Dungeon (15/15)            Temple (1/1) D:7            Lair (6/6) D:8
 Shoals (4/4) Lair:4        Snake (4/4) Lair:4        Slime (0/5) Lair:6
    Orc (2/2) D:11            Elf (3/3) Orc:2        Vaults (5/5) D:14
  Crypt (0/3) Vaults:2     Depths (5/5) D:15            Zot (5/5) Depths:5

Altars:
Cheibriados
Dithmenos
Elyvilon
Gozag
Hepliaklqana
Kikubaaqudgha
Okawaru
Ru
Sif Muna
Trog
Uskayaw
Xom
Yredelemnul
The Shining One
Beogh

Shops:
D:5 :}   D:7 *   D:11 *[(=   D:14 =[   Orc:1 *   Orc:2 [}([*   Elf:2 [
Elf:3 (   Shoals:3 =   Snake:1 [   Depths:1 [=

Portals:
Hell: Depths:1 Depths:2 Depths:3 Depths:4 Depths:5
Abyss: Depths:4
Pandemonium: Depths:1 Depths:3 Depths:5
Trove: D:15 (give +7 demon whip)

Annotations:
D:7 exclusion: downstairs
D:9 exclusion: downstairs
D:11 exclusion: downstairs
D:13 exclusion: 2 orange crystal statues
Lair:3 exclusion: oklob plant
Lair:5 exclusion: downstairs
Lair:6 exclusion: oklob plant
Shoals:1 exclusion: kraken
Shoals:2 2 runed doors, exclusion: Roxanne, Roxanne; tidbits's ghost, journeyman GnTm
Snake:3 1 runed door, exclusions: door and 2 more exclusions
Elf:2 5 runed doors
Vaults:1 exclusion: obsidian statue
Vaults:4 exclusion: upstairs
Depths:1 exclusion: orange crystal statue
Depths:2 1 runed door, Canafagh's ghost, veteran MiBe
Zot:1 exclusion: door


Innate Abilities, Weirdness & Mutations

You have a pair of small horns on your head.
Potions are less effective at restoring your health.


Message History

The rock shatters into small pieces.
(D) Dungeon (T) Temple (L) Lair (A) Shoals (P) Snake Pit (M) Slime Pits (O) Orcish Mines (E) Elven Halls (V) Vaults (C) Crypt (U) Depths (H) Hell (Z) Zot
Where to? (Enter - D:1 @ (x,y), ? - help)
There is a stone staircase leading up here.
You climb upwards.
You found a teleport trap!
There is a stone staircase leading down here.
(D) Dungeon (T) Temple (L) Lair (A) Shoals (P) Snake Pit (M) Slime Pits (O) Orcish Mines (E) Elven Halls (V) Vaults (C) Crypt (U) Depths (H) Hell (Z) Zot
Where to? (Enter - D:1 @ (x,y), ? - help)
There is an escape hatch in the floor here.
There is a staircase leading out of the dungeon here.
Press: ? - help, v - describe, . - travel A staircase leading out of the dungeon.
This square is covered in magical glow.
You have escaped!

#########...#.##............
##.............###..#.######.
#...................#.# #.
#####.#.####.##.##.####)#.#
#. #....###.###.##.##.##
#.#.### #.
#.###........####...###.....#
#> #.#
#........#..#....##.....####.
#.#
#.#......#............>.....^
#.#
#.########.@##.####.....#####
#.# #.# ###.'..##.#
#.......... #.# #.#
##..)#####.# ##...##.... #.#
#.# #...## #..# ##.....###
##.# #.###..## ##.# ####### #
#..# #.##...## ##.# #.##
#.##....# #..# #.#
#.##....######## #.#
#..#....##[..#


There were no monsters in sight!

Vanquished Creatures
  4 orbs of fire (Zot:5)
  4 ancient liches
  A juggernaut (Depths:4)
  Sojobo (Vaults:3)
  Frederick (Vaults:3)
  Saint Roka (Vaults:3)
  A Killer Klown (Zot:5)
  Margery (Vaults:3)
  Xtahua (Depths:4)
  A curse toe (Zot:1)
  2 caustic shrikes (Depths:4)
  Jory (Depths:3)
  Nikola (Shoals:4)
  15 golden dragons
  2 bone dragons (Depths:5)
  A pandemonium lord (D:9)
  19 tentacled monstrosities
  6 electric golems
  6 liches
  10 Orb Guardians (Zot:5)
  2 titans (Vaults:5)
  Asterion (Snake:4)
  3 deep elf master archers (Elf:3)
  10 quicksilver dragons
  Polyphemus (Shoals:2)
  Gastronok (D:10)
  4 deep elf blademasters (Elf:3)
  4 sphinxes
  14 death cobs
  8 storm dragons
  Donald (Elf:1)
  4 draconian monks
  13 shadow dragons
  11 tengu reavers
  3 draconian knights
  12 nagarajas
  A ghost moth (shapeshifter) (Vaults:5)
  14 deep elf sorcerers
  5 fire giants
  A balrug (Depths:3)
  5 iron dragons
  7 frost giants
  20 vault wardens
  11 draconian scorchers
  A ghost moth (Zot:4)
  An angel (Depths:2)
  An orc warlord (Orc:2)
  8 draconian shifters
  5 deep elf elementalists
  5 draconian annihilators
  6 draconian stormcallers
  4 spriggan defenders
  3 war gargoyles (Vaults:5)
  A ghoul (Vaults:2)
  19 ironheart preservers
  24 very ugly things
  19 stone giants
  8 green draconians
  A lorocyproca (Depths:5)
  An entropy weaver (Vaults:3)
  7 deep elf demonologists
  8 purple draconians
  2 vampire knights
  20 white draconians
  11 black draconians
  11 yellow draconians
  7 deep elf annihilators
  19 ettins
  16 red draconians
  A spark wasp (Depths:4)
  A green death (D:15)
  7 deep elf death magi
  5 merfolk javelineers
  11 fire dragons
  8 merfolk impalers
  19 yaktaur captains
  4 deep elf high priests
  16 naga warriors
  A rakshasa (Depths:2)
  16 great orbs of eyes
  8 ice dragons
  10 hydras
  4 catoblepae
  33 vault guards
  12 anacondas
  An alligator snapping turtle (Shoals:4)
  6 merfolk aquamancers
  6 merfolk avatars
  2 death knights
  41 two-headed ogres
  A spriggan air mage (Depths:3)
  12 centaur warriors
  5 deep troll shamans
  Erica (Lair:1)
  5 death yaks
  3 deep troll earth magi
  3 tengu warriors
  3 vampire magi
  15 ogre magi
  4 orc high priests
  3 hell hogs (Depths:1)
  13 naga sharpshooters
  10 shock serpents
  6 spriggan berserkers
  Sonja (D:13)
  Urug (Orc:1)
  A soul eater (Depths:3)
  16 deep elf knights
  A shadow wraith (Vaults:5)
  2 salamander mystics
  4 skeletal warriors
  7 iron trolls
  8 sea snakes
  3 sixfirhies
  4 unseen horrors
  2 flayed ghosts
  An unseen horror (shapeshifter) (Depths:4)
  3 glowing orange brains
  14 hell knights
  4 wizards
  21 deep trolls
  A swamp dragon (shapeshifter) (Vaults:1)
  A shadow dragon zombie (D:15)
  A gelid demonspawn (Depths:3)
  A phantasmal warrior (Vaults:5)
  5 naga ritualists
  2 harpies (shapeshifter)
  14 ironbrand convokers
  2 tengu zombies
  15 deep elf archers
  6 necromancers
  15 orc knights
  A wolf spider zombie (D:15)
  34 harpies
  36 ugly things
  Pikel (D:7)
  71 deep elf magi
  A fire giant zombie (D:15)
  A frost giant zombie (D:15)
  8 wolf spiders
  14 mana vipers
  10 orc sorcerers
  8 cyclopes
  12 moths of wrath
  9 salamanders
  A shining eye (shapeshifter) (Depths:3)
  5 fauns (Shoals:2)
  13 manticores
  3 elephants (Lair:6)
  A frost giant skeleton (D:15)
  A moth of wrath (shapeshifter) (Elf:1)
  33 black mambas
  7 merfolk sirens
  18 vault sentinels
  5 water nymphs
  A smoke demon (D:9)
  A torpor snail (Lair:6)
  Psyche (D:9)
  10 spiny frogs
  34 naga magi
  4 guardian serpents (Snake:4)
  2 orange demons
  2 rime drakes
  A rime drake (shapeshifter) (Depths:5)
  62 yaktaurs
  9 komodo dragons
  5 freezing wraiths
  2 tengu conjurers
  6 trolls
  33 merfolk
  7 wind drakes
  A merfolk (shapeshifter) (Vaults:4)
  A tengu simulacrum (Vaults:1)
  4 polar bears
  A polar bear (shapeshifter) (Vaults:4)
  9 hippogriffs
  5 hornets
  30 slime creatures
  3 blink frogs (Lair:2)
  Grinder (D:6)
  3 raiju (shapeshifter)
  A slime creature (shapeshifter) (Vaults:1)
  13 snapping turtles
  4 dream sheep (Lair:6)
  A redback (shapeshifter) (Depths:5)
  2 shadows
  A vampire (D:11)
  2 air elementals
  2 tarantellas (Vaults:3)
  2 redbacks (Vaults:3)
  A spriggan (shapeshifter) (Vaults:4)
  52 yaks
  4 wraiths
  29 water elementals
  6 wyverns
  2 ynoxinuls
  12 spriggans (Lair:6)
  A basilisk (shapeshifter) (Vaults:5)
  2 hogs (shapeshifter)
  2 humans (D:8)
  A basilisk (D:14)
  A fire elemental (Elf:3)
  4 hungry ghosts
  A golden eye (shapeshifter) (Depths:4)
  13 vampire mosquitoes
  A neqoxec (Depths:5)
  15 wargs
  50 nagas
  2 soldier ants
  A warg (shapeshifter) (D:15)
  15 water moccasins
  3 acid dragons
  6 porcupines
  An acid dragon (shapeshifter) (Vaults:3)
  7 hell hounds (Depths:1)
  4 sky beasts
  2 slaves (D:7)
  A sky beast (shapeshifter) (Vaults:5)
  49 orc warriors
  5 black bears
  2 ice beasts
  A necrophage (D:13)
  17 wolves
  51 ogres
  12 boggarts
  3 phantoms
  2 elf skeletons
  29 centaurs
  21 crocodiles
  Blork the orc (D:6)
  16 bullfrogs
  2 big kobolds
  7 earth elementals
  A human skeleton (Vaults:4)
  A water moccasin zombie (D:12)
  3 wyvern zombies
  4 gnoll sergeants
  A glowing shapeshifter simulacrum (Vaults:5)
  A yaktaur skeleton (Vaults:1)
  A wyvern skeleton (D:13)
  3 scorpions
  2 human simulacra
  2 orc simulacra
  14 killer bees
  3 howler monkeys
  2 electric eels
  7 crimson imps
  3 centaur zombies
  A yaktaur simulacrum (Vaults:1)
  4 hounds
  34 orc priests
  3 jellies
  Crazy Yiuf (D:2)
  A bullfrog zombie (D:12)
  42 orc wizards
  5 centaur skeletons
  An iron imp (D:5)
  9 iguanas
  9 worker ants
  A hound zombie (D:6)
  A hound skeleton (D:7)
  16 gnolls
  12 adders
  2 shadow imps
  An ooze (D:2)
  An adder zombie (D:8)
  5 adder skeletons
  3 worms
  3 dart slugs
  14 leopard geckos
  111 orcs
  10 bats
  3 giant cockroaches
  4 goblins
  8 hobgoblins
  8 jackals
  23 kobolds
  9 quokkas
  2 ball pythons (D:4)
  13 frilled lizards
  A jackal skeleton (D:9)
  10 rats
  9 fungi
  7 plants
  A withered plant (D:15)
2347 creatures vanquished.

Vanquished Creatures (collateral kills)
  An orb of fire (Zot:5)
  A curse toe (Zot:4)
  A Killer Klown (Zot:5)
  A golden dragon (Zot:5)
  An electric golem (Zot:5)
  6 Orb Guardians (Zot:5)
  A quicksilver dragon (Zot:5)
  2 storm dragons
  A nagaraja (Snake:3)
  A draconian scorcher (Zot:5)
  A white draconian (Zot:5)
  2 death yaks (Shoals:2)
  A moth of wrath (Zot:4)
  A red devil (Depths:5)
  A naga (Snake:2)
22 creatures vanquished.

Vanquished Creatures (others)
  An orb of fire (Zot:5)
  9 Orb Guardians (Zot:5)
  A death cob (Zot:5)
  A storm dragon (Zot:2)
  A fire giant (Depths:4)
  A draconian shifter (Zot:5)
  A purple draconian (Zot:5)
  A red draconian (Zot:5)
  17 dancing weapons
  A death yak (Shoals:2)
  2 naga sharpshooters
  2 moths of wrath (Zot:5)
  A naga (Snake:3)
  A quokka zombie (D:7)
  10 fungi
  34 plants
  6 tentacles (Shoals:1)
90 creatures vanquished.

Grand Total: 2459 creatures vanquished

Notes
Turn   | Place    | Note
-------+----------+-------------------------------------------
     0 | D:1      | Sergey the Hill Orc Fighter began the quest for the Orb.
     0 | D:1      | Reached XP level 1. HP: 19/19 MP: 1/1
    67 | D:1      | Reached XP level 2. HP: 27/27 MP: 2/2
   824 | D:2      | You fall through a shaft for 2 floors!
   873 | D:3      | Reached XP level 3. HP: 33/33 MP: 3/3
  1081 | D:3      | Noticed a centaur
  1182 | D:2      | Reached skill level 4 in Fighting
  1319 | D:2      | Reached XP level 4. HP: 40/40 MP: 4/4
  1362 | D:2      | Found a runed door.
  1617 | D:2      | Noticed Crazy Yiuf
  1637 | D:2      | Killed Crazy Yiuf
  1773 | D:3      | Reached XP level 5. HP: 42/46 MP: 5/5
  1960 | D:3      | Noticed an ogre
  1967 | D:3      | Killed an ogre
  1967 | D:3      | Reached skill level 5 in Axes
  1967 | D:3      | Reached skill level 5 in Shields
  1967 | D:3      | Reached XP level 6. HP: 53/53 MP: 6/6
  2517 | D:4      | Noticed a phantom
  2532 | D:4      | Killed a phantom
  2825 | D:4      | Reached XP level 7. HP: 60/60 MP: 7/7
  2852 | D:4      | Reached skill level 5 in Fighting
  3437 | D:4      | Found a hide-covered altar of Uskayaw.
  3437 | D:4      | Found a snail-covered altar of Cheibriados.
  3541 | D:5      | Entered Level 5 of the Dungeon
  3568 | D:5      | Found a shadowy altar of Dithmenos.
  3585 | D:5      | Found a glowing golden altar of the Shining One.
  3632 | D:5      | Found an ancient bone altar of Kikubaaqudgha.
  3655 | D:5      | Found a white marble altar of Elyvilon.
  3790 | D:5      | Found a bloodstained altar of Trog.
  3819 | D:5      | Found Vam Hoef's Gadget Shop.
  3926 | D:5      | Found Xecherch's Book Boutique.
  4230 | D:6      | Reached skill level 5 in Armour
  4230 | D:6      | Reached XP level 8. HP: 42/69 MP: 8/8
  4512 | D:6      | Noticed Blork the orc
  4523 | D:6      | Killed Blork the orc
  4533 | D:6      | Noticed Grinder
  4534 | D:6      | Paralysed by Grinder for 5 turns
  4804 | D:6      | Paralysed by Grinder for 6 turns
  4814 | D:6      | Killed Grinder
  4814 | D:6      | Reached skill level 6 in Fighting
  5233 | D:7      | Found a staircase to the Ecumenical Temple.
  5249 | Temple   | Entered the Ecumenical Temple
  5281 | Temple   | Became a worshipper of Gozag Ym Sagoz the Greedy
  5341 | D:7      | Found Ciamn's General Store.
  5435 | D:7      | Reached XP level 9. HP: 68/78 MP: 9/9
  5524 | D:7      | Noticed Pikel
  5542 | D:7      | Killed Pikel
  5982 | D:7      | Reached skill level 7 in Fighting
  6194 | D:8      | Noticed Gastronok
  6313 | D:9      | Noticed Psyche
  6330 | D:9      | Killed Psyche
  6330 | D:9      | Reached skill level 10 in Axes
  6447 | D:9      | Noticed a hornet
  6458 | D:9      | Killed a hornet
  6957 | D:9      | Reached XP level 10. HP: 78/86 MP: 10/10
  7283 | D:10     | Entered Level 10 of the Dungeon
  7322 | D:10     | Noticed a two-headed ogre
  7455 | D:10     | Noticed an unseen horror
  7491 | D:10     | Killed an unseen horror
  7491 | D:10     | Reached skill level 8 in Fighting
  7853 | D:10     | Reached skill level 10 in Shields
  8314 | D:11     | Noticed Sonja
  8632 | D:11     | Noticed a manticore
  8652 | D:11     | Killed a manticore
  8897 | D:11     | Reached XP level 11. HP: 95/95 MP: 11/11
  8996 | D:11     | Found a staircase to the Orcish Mines.
  9015 | D:11     | Noticed a two-headed ogre
  9039 | D:11     | Killed a two-headed ogre
  9039 | D:11     | Reached skill level 9 in Fighting
  9308 | D:11     | Noticed a manticore
  9322 | D:11     | Killed a manticore
  9754 | D:11     | Found a staircase to the Orcish Mines.
 10881 | D:12     | Noticed a wolf spider
 11055 | D:12     | Killed a wolf spider
 11860 | D:12     | Noticed a manticore
 11872 | D:12     | Killed a manticore
 12257 | D:13     | Noticed a two-headed ogre
 12271 | D:13     | Killed a two-headed ogre
 12411 | D:13     | Killed Sonja
 12411 | D:13     | Reached skill level 10 in Fighting
 12411 | D:13     | Reached XP level 12. HP: 61/106 MP: 12/12
 12807 | D:10     | Killed Gastronok
 12949 | D:10     | Killed a two-headed ogre
 13764 | D:8      | Found a hide-covered altar of Uskayaw.
 13802 | D:8      | Found an iron altar of Okawaru.
 13951 | D:8      | Found a staircase to the Lair.
 14107 | Lair:1   | Entered Level 1 of the Lair of Beasts
 14506 | Lair:1   | Reached skill level 15 in Axes
 14902 | Lair:1   | Noticed an eight-headed hydra
 14911 | Lair:1   | Killed an eight-headed hydra
 14911 | Lair:1   | Reached skill level 10 in Armour
 15228 | Lair:1   | Noticed a seven-headed hydra
 15232 | Lair:1   | Killed a seven-headed hydra
 15232 | Lair:1   | Reached skill level 11 in Fighting
 15232 | Lair:1   | Reached XP level 13. HP: 114/116 MP: 13/13
 15241 | Lair:1   | Noticed Erica
 15252 | Lair:1   | Killed Erica
 15994 | Lair:1   | Reached skill level 1 in Maces & Flails
 16063 | Lair:2   | Found a sacrificial altar of Ru.
 17302 | Lair:3   | Found a hide-covered altar of Uskayaw.
 18989 | Lair:4   | Found a staircase to the Shoals.
 19078 | Lair:4   | Reached skill level 5 in Maces & Flails
 19137 | Lair:4   | Found a staircase to the Snake Pit.
 20218 | Lair:6   | Entered Level 6 of the Lair of Beasts
 20384 | Lair:6   | Reached skill level 12 in Fighting
 20556 | Lair:6   | Reached XP level 14. HP: 102/126 MP: 14/14
 20736 | Lair:6   | Reached skill level 15 in Shields
 20781 | Lair:6   | Got a clouded glass ring
 20797 | Lair:6   | Identified the ring "Gakhad" {MP+9 Int+6 SInv} (You found it on level 6 of the Lair of Beasts)
 21626 | Lair:6   | Reached skill level 1 in Dodging
 21752 | Lair:6   | Found a staircase to the Slime Pits.
 22430 | Orc:1    | Entered Level 1 of the Orcish Mines
 22568 | Orc:1    | Reached skill level 13 in Fighting
 22592 | Orc:1    | Noticed a stone giant
 22611 | Orc:1    | Killed a stone giant
 22638 | Orc:1    | Noticed Urug
 22646 | Orc:1    | Killed Urug
 22681 | Orc:1    | Reached skill level 10 in Maces & Flails
 22931 | Orc:1    | Found a roughly hewn altar of Beogh.
 23037 | Orc:2    | Entered Level 2 of the Orcish Mines
 23037 | Orc:2    | Found Fuut's General Store.
 23037 | Orc:2    | Found a staircase to the Elven Halls.
 23052 | Orc:2    | Reached XP level 15. HP: 132/136 MP: 15/15
 23106 | Orc:2    | Bought a scroll of blinking for 75 gold pieces
 23862 | Orc:2    | Noticed an orc warlord
 24217 | Orc:2    | Found Xodghuik's Weapon Shop.
 24217 | Orc:2    | Found Goata's Armour Shop.
 24218 | Orc:2    | Found Satoegg's Gadget Boutique.
 24221 | Orc:2    | Found Vibuok's Armour Boutique.
 24259 | Orc:2    | Killed an orc warlord
 24500 | Orc:2    | Found a roughly hewn altar of Beogh.
 24708 | Orc:1    | Found Eduidu's Assorted Antiques.
 24718 | Orc:1    | Bought a scroll of blinking for 202 gold pieces
 24763 | D:11     | Bought a white potion for 31 gold pieces
 24763 | D:11     | Bought a scroll labeled YWKEBI YNLIU for 35 gold pieces
 24763 | D:11     | Bought a scroll of identify for 70 gold pieces
 24766 | D:11     | Bought a +2 pair of gloves of archery for 344 gold pieces
 24775 | D:11     | Bought the amulet of the Four Winds {rN+ MR+++ Clar} for 834 gold pieces
 24775 | D:11     | Found the amulet of the Four Winds {rN+ MR+++ Clar}
 25003 | Shoals:1 | Entered Level 1 of the Shoals
 26180 | D:11     | Bought the ring of Zeycit {rPois rC+ Str+2 Dex-2} for 646 gold pieces
 26392 | Snake:1  | Entered Level 1 of the Snake Pit
 26533 | Snake:1  | Found Ewosobon's Armour Shoppe.
 27755 | Snake:2  | Noticed a nagaraja
 27806 | Snake:2  | Killed a nagaraja
 27811 | Snake:2  | Reached skill level 14 in Fighting
 27854 | Snake:2  | Noticed a nagaraja
 27912 | Snake:2  | Killed a nagaraja
 27912 | Snake:2  | Reached XP level 16. HP: 57/146 MP: 14/16
 28038 | Snake:2  | Reached skill level 5 in Dodging
 30054 | Snake:3  | Found a runed door.
 30339 | Snake:3  | Noticed a nagaraja
 30359 | Snake:3  | Killed a nagaraja
 30620 | Snake:3  | Reached skill level 15 in Fighting
 30695 | Snake:3  | Noticed a nagaraja
 30709 | Snake:3  | Killed a nagaraja
 30726 | Snake:3  | Noticed a nagaraja
 30755 | Snake:3  | Killed a nagaraja
 31092 | Snake:3  | Learned a level 3 spell: Regeneration
 31578 | D:5      | Bought a book of Battle for 440 gold pieces
 31581 | D:5      | Learned a level 2 spell: Song of Slaying
 32082 | Snake:4  | Entered Level 4 of the Snake Pit
 32357 | Snake:4  | Reached skill level 1 in Charms
 32635 | Snake:4  | Reached skill level 1 in Spellcasting
 33072 | Snake:4  | Reached XP level 17. HP: 154/156 MP: 17/19
 34033 | Snake:4  | Noticed Asterion
 35670 | Snake:4  | Got a serpentine rune of Zot
 35801 | Snake:4  | Killed Asterion
 35801 | Snake:4  | Reached skill level 16 in Fighting
 36523 | Shoals:1 | Noticed a kraken
 36683 | Shoals:1 | Reached XP level 18. HP: 109/166 MP: 23/23
 36998 | Shoals:2 | Noticed Polyphemus
 37031 | Shoals:2 | Reached skill level 15 in Armour
 37065 | Shoals:2 | Killed Polyphemus
 37069 | Shoals:2 | Reached skill level 5 in Charms
 37461 | Shoals:2 | Noticed Roxanne
 37949 | Shoals:2 | Found a large runed door.
 37949 | Shoals:2 | Found a large runed door.
 37950 | Shoals:2 | Noticed tidbits's ghost (journeyman GnTm)
 38695 | Shoals:3 | Found Kirus's Jewellery Shoppe.
 38717 | Shoals:3 | Bought the ring of Robustness {AC+8} for 1664 gold pieces
 38717 | Shoals:3 | Found the ring of Robustness {AC+8}
 38983 | Shoals:4 | Entered Level 4 of the Shoals
 40318 | Shoals:4 | Reached skill level 17 in Fighting
 40526 | Shoals:4 | Got a barnacled rune of Zot
 40991 | Shoals:4 | Reached XP level 19. HP: 82/177 MP: 25/25
 41306 | Shoals:4 | Noticed Nikola
 41320 | Shoals:4 | Killed Nikola
 42469 | D:14     | Got a scintillating platinum amulet
 42470 | D:14     | Identified the amulet "Bugaemn" {Inacc rN+ MR- Str+4 Stlth+} (You found it on level 14 of the Dungeon)
 42515 | D:14     | Found a gate to the Vaults.
 43087 | D:15     | Entered Level 15 of the Dungeon
 43095 | D:15     | Found a staircase to the Depths.
 43363 | D:15     | Reached skill level 10 in Dodging
 43900 | D:15     | Found a portal to a secret trove of treasure.
 44157 | Vaults:1 | Entered Level 1 of the Vaults
 44673 | Vaults:1 | Reached skill level 18 in Fighting
 44983 | Vaults:1 | Reached XP level 20. HP: 170/187 MP: 26/26
 46249 | Vaults:2 | Found a staircase to the Crypt.
 46249 | Vaults:2 | Found a basalt altar of Yredelemnul.
 46250 | Vaults:2 | Found an ancient bone altar of Kikubaaqudgha.
 47409 | Vaults:2 | Reached skill level 19 in Fighting
 47711 | Vaults:3 | Noticed Saint Roka
 47734 | Vaults:3 | Reached XP level 21. HP: 103/198 MP: 27/27
 47735 | Vaults:3 | Killed Saint Roka
 47969 | Vaults:3 | Noticed Margery
 47990 | Vaults:3 | Killed Margery
 48281 | Vaults:3 | Noticed Sojobo
 48304 | Vaults:3 | Killed Sojobo
 48371 | Vaults:3 | Noticed Frederick
 48677 | Vaults:3 | Reached skill level 5 in Spellcasting
 50642 | Vaults:3 | Reached XP level 22. HP: 189/207 MP: 30/30
 51663 | Elf:1    | Entered Level 1 of the Elven Halls
 52096 | Elf:1    | Reached skill level 1 in Evocations
 52288 | Elf:1    | Reached skill level 20 in Fighting
 52391 | Elf:1    | Noticed Donald
 52419 | Elf:1    | Killed Donald
 52471 | Elf:1    | Identified Ogirupt's Catalogue of Creative Conjuration
 52839 | Elf:2    | Found a huge runed gate.
 52839 | Elf:2    | Found a huge runed gate.
 52839 | Elf:2    | Found a huge runed gate.
 52839 | Elf:2    | Found a huge runed gate.
 52839 | Elf:2    | Found a huge runed gate.
 52943 | Elf:2    | Found Hoassah's Armour Shoppe.
 53626 | Elf:3    | Entered Level 3 of the Elven Halls
 54368 | Elf:3    | Found Wioc Hyn's Antique Weapon Boutique.
 54905 | Elf:3    | Identified the ring "Dabaf" {MP+9 SInv} (You took it off a deep elf demonologist on level 3 of the Elven Halls)
 55250 | Elf:3    | Identified the +2 plate armour of Qied {rElec SInv} (You took it off a deep elf blademaster on level 3 of the Elven Halls)
 55456 | Elf:3    | Reached XP level 23. HP: 181/216 MP: 32/32
 55525 | Elf:3    | Reached skill level 5 in Evocations
 55992 | Elf:3    | Got a heavily runed bone ring
 55993 | Elf:3    | Identified the ring of Hakass {rElec MR- Int+7 Dex+2} (You took it off a deep elf death mage on level 3 of the Elven Halls)
 56810 | Elf:3    | Identified the Catalogue of the Birds and Protection
 56812 | Elf:3    | Identified Papleba's Reference Book on the Cloudy Snowflakes
 57398 | Shoals:4 | Identified the +5 shield of the Country {rElec rC- rN+} (You found it on level 4 of the Shoals)
 57673 | D:7      | Bought a ration for 75 gold pieces
 57673 | D:7      | Bought a potion of curing for 45 gold pieces
 57673 | D:7      | Bought a ration for 75 gold pieces
 57673 | D:7      | Bought a scroll of identify for 30 gold pieces
 57673 | D:7      | Bought a ration for 75 gold pieces
 57866 | Depths:1 | Entered Level 1 of the Depths
 58519 | Depths:1 | Found a gateway to Hell.
 58626 | Depths:1 | Found a one-way gate leading to the halls of Pandemonium.
 58851 | Depths:1 | Bought a ration for 65 gold pieces
 58851 | Depths:1 | Bought a ration for 65 gold pieces
 58851 | Depths:1 | Bought a ration for 65 gold pieces
 58851 | Depths:1 | Bought a ration for 65 gold pieces
 58851 | Depths:1 | Bought a ration for 65 gold pieces
 58851 | Depths:1 | Bought a ration for 65 gold pieces
 58851 | Depths:1 | Bought a ration for 65 gold pieces
 58851 | Depths:1 | Bought a ration for 65 gold pieces
 58851 | Depths:1 | Bought a ration for 65 gold pieces
 58851 | Depths:1 | Bought a ration for 65 gold pieces
 58851 | Depths:1 | Bought a ration for 65 gold pieces
 59155 | Depths:2 | Found a runed door.
 59155 | Depths:2 | Noticed Canafagh's ghost (veteran MiBe)
 59497 | Depths:2 | Reached skill level 21 in Fighting
 60622 | Depths:3 | Reached skill level 1 in Necromancy
 61057 | Depths:3 | Reached XP level 24. HP: 205/227 MP: 32/32
 61153 | Depths:3 | Noticed Jory
 61172 | Depths:3 | Killed Jory
 61360 | Depths:3 | Found a deep blue altar of Sif Muna.
 61360 | Depths:3 | Found a shimmering altar of Xom.
 61367 | Depths:3 | Found a deep blue altar of Sif Muna.
 61367 | Depths:3 | Found a bloodstained altar of Trog.
 62447 | Depths:4 | Found a one-way gate to the infinite horrors of the Abyss.
 62818 | Depths:4 | Noticed a caustic shrike
 62837 | Depths:4 | Killed a caustic shrike
 63394 | Depths:4 | Identified the Disquisition on Unstable Weightlessness
 63397 | Depths:4 | Identified the +4 scale mail "Dimpufu" {*Slow rN++ Str+2 Stlth+} (You found it on level 4 of the Depths)
 63419 | Depths:4 | Noticed a juggernaut
 63419 | Depths:4 | Noticed Xtahua
 63439 | Depths:4 | Killed a juggernaut
 63439 | Depths:4 | Reached skill level 5 in Necromancy
 63443 | Depths:4 | Killed Xtahua
 63653 | Depths:4 | Identified the Guide on Enchanting Clay
 63675 | Depths:4 | Noticed a caustic shrike
 63688 | Depths:4 | Killed a caustic shrike
 63865 | Depths:5 | Entered Level 5 of the Depths
 64056 | Depths:5 | Identified the ring "Caesanuz" {rElec MP+9 Slay-3 SInv Stlth+} (You found it on level 5 of the Depths)
 64154 | Depths:5 | Reached XP level 25. HP: 235/235 MP: 32/32
 65014 | Depths:5 | Reached skill level 22 in Fighting
 65573 | Depths:5 | Reached skill level 10 in Evocations
 65719 | Depths:5 | Found a gate to the Realm of Zot.
 66076 | Vaults:3 | Killed Frederick
 66110 | Vaults:5 | Entered Level 5 of the Vaults
 66709 | Vaults:5 | Identified the Incunabulum of Glacial Poison
 66932 | Vaults:5 | Reached XP level 26. HP: 156/246 MP: 32/32
 66979 | Vaults:5 | Reached skill level 15 in Dodging
 67828 | Vaults:5 | Noticed an ancient lich
 67847 | Vaults:5 | Killed an ancient lich
 67848 | Vaults:5 | Reached skill level 23 in Fighting
 67886 | Vaults:5 | Noticed an ancient lich
 67910 | Vaults:5 | Killed an ancient lich
 68000 | Vaults:5 | Identified Sif Muna's Grimoire of Captivating Cold
 68521 | Vaults:5 | Got a silver rune of Zot
 69217 | D:14     | Bought a crude helmet for 370 gold pieces
 69217 | D:14     | Identified the +1 helmet of the Volcano {Str+5} (You bought it in a shop on level 14 of the Dungeon)
 69315 | Orc:2    | Bought a +3 plate armour of fire resistance for 585 gold pieces
 69562 | Zot:1    | Entered Level 1 of the Realm of Zot
 70306 | Zot:1    | Reached XP level 27. HP: 209/257 MP: 32/32
 72396 | Zot:2    | Reached skill level 24 in Fighting
 73425 | Zot:3    | You fall through a shaft!
 75141 | Zot:5    | Entered Level 5 of the Realm of Zot
 75230 | Zot:5    | Noticed an orb of fire
 75258 | Zot:5    | Noticed an orb of fire
 75266 | Zot:5    | Reached skill level 25 in Fighting
 75274 | Zot:5    | Noticed an ancient lich
 75281 | Zot:5    | Killed an ancient lich
 76117 | Zot:5    | Noticed an ancient lich
 76135 | Zot:5    | Killed an ancient lich
 76322 | Zot:5    | Noticed an orb of fire
 76326 | Zot:5    | Gained mutation: You tend to lose your temper in combat. [an orb of fire]
 76336 | Zot:5    | Gained mutation: Armour fits poorly on your strangely shaped body. [an orb of fire]
 76347 | Zot:5    | Killed an orb of fire
 76358 | Zot:5    | Lost mutation: Armour fits poorly on your strangely shaped body. [potion of mutation]
 76358 | Zot:5    | Lost mutation: You tend to lose your temper in combat. [potion of mutation]
 76358 | Zot:5    | Gained mutation: You have a pair of small horns on your head. [potion of mutation]
 76358 | Zot:5    | Gained mutation: You are robust. (+10% HP) [potion of mutation]
 76361 | Zot:5    | Noticed an orb of fire
 76379 | Zot:5    | Noticed an orb of fire
 76380 | Zot:5    | Killed an orb of fire
 76388 | Zot:5    | Noticed an orb of fire
 76396 | Zot:5    | Noticed an orb of fire
 76406 | Zot:5    | Gained mutation: Potions are less effective at restoring your health. [an orb of fire]
 76413 | Zot:5    | Killed an orb of fire
 76415 | Zot:5    | Noticed an orb of fire
 76421 | Zot:5    | Noticed an orb of fire
 76450 | Zot:5    | Lost mutation: You are robust. (+10% HP) [an orb of fire]
 76618 | Zot:5    | Killed an orb of fire
 76927 | Zot:5    | Noticed an orb of fire
 76933 | Zot:5    | Killed an orb of fire
 76967 | Zot:5    | Got the Orb of Zot
 77322 | D:9      | Noticed Goabu the pandemonium lord
 77333 | D:9      | Killed Goabu the pandemonium lord
 77556 | D:$      | Escaped with the Orb!

Skill      XL: |  1  2  3  4  5  6  7  8  9 10 11 12 13 14 15 16 17 18 19 20 21 22 23 24 25 26 27 |
---------------+----------------------------------------------------------------------------------+-----
Axes           | 3 4 5 6 7 8 10 12 14 15 16 | 16.4
Fighting       | 4 5 6 7 8 10 11 12 13 14 15 16 17 18 19 20 21 22 23 25 | 25.7
Shields        | 4 5 6 7 9 10 12 13 14 15 16 17 18 19 20 21 22 23 24 | 24.9
Armour         | 4 5 6 7 9 10 11 12 13 14 15 16 17 18 19 20 21 23 | 23.9
Maces & Flails | 6 10 11 | 11.1
Dodging        | 2 4 6 8 9 10 11 12 13 14 15 17 | 17.9
Charms         | 1 4 6 7 8 |  8.0
Spellcasting   | 1 3 4 5 6 |  6.0
Evocations     | 4 7 9 10 | 10.0
Necromancy     | 1 5 8 |  8.0

Action                   |  1- 3 |  4- 6 |  7- 9 | 10-12 | 13-15 | 16-18 | 19-21 | 22-24 | 25-27 || total
-------------------------+-------+-------+-------+-------+-------+-------+-------+-------+-------++-------
Melee: War axe           |   132 |    93 |   397 |   881 |   827 |       |       |       |       ||  2330
       Demon whip        |       |       |       |       |   205 |       |       |       |       ||   205
       Broad axe         |       |       |       |       |   575 |  1625 |  1451 |  1537 |  1921 ||  7109
       Headbutt          |       |       |       |       |       |       |       |       |    25 ||    25
 Fire: Blowgun           |       |       |       |     5 |       |       |       |       |       ||     5
Throw: Throwing net      |       |       |     2 |       |       |     3 |     1 |       |       ||     6
 Cast: Regeneration      |       |       |       |       |       |       |     2 |     1 |    18 ||    21
       Song of Slaying   |       |       |       |       |       |       |       |       |    16 ||    16
Invok: Call Merchant     |       |       |       |       |     4 |       |       |     3 |     2 ||     9
       Potion Petition   |       |       |       |       |     3 |     4 |     2 |       |     3 ||    12
       Bribe Branch      |       |       |       |       |       |       |       |       |     2 ||     2
Evoke: Wand              |       |     2 |     3 |    15 |    23 |     6 |       |    13 |    27 ||    89
       Phial of floods   |       |       |       |       |     2 |     4 |       |     2 |     2 ||    10
  Use: Scroll            |       |     9 |     9 |     3 |    20 |     7 |     8 |    14 |    25 ||    95
       Potion            |       |       |     3 |     4 |     8 |     3 |     2 |     2 |    20 ||    42
 Stab: Held in net/web   |       |       |     1 |       |       |     3 |     1 |       |       ||     5
       Distracted        |       |       |       |     2 |    10 |    10 |     7 |     4 |    13 ||    46
       Confused          |       |       |       |     5 |       |       |       |       |     3 ||     8
       Petrified         |       |       |       |       |     1 |     6 |       |       |       ||     7
       Invisible         |       |       |       |       |       |    14 |       |       |     8 ||    22
       Petrifying        |       |       |       |       |       |     2 |     1 |       |       ||     3
       Paralysed         |       |       |       |       |       |       |       |       |     5 ||     5
  Eat: Chunk             |     2 |     5 |     7 |       |       |       |       |       |       ||    14
       Ration            |       |       |     2 |    11 |    13 |    12 |    10 |    13 |    15 ||    76
Armor: Scale mail        |    82 |    38 |   143 |    26 |       |       |       |       |       ||   289
       Skin              |       |       |     3 |       |       |       |       |       |       ||     3
       Plate armour      |       |       |       |   392 |   326 |   465 |   406 |   368 |   618 ||  2575
Dodge: Dodged            |    44 |    24 |    93 |   161 |   157 |   326 |   226 |   245 |   465 ||  1741
Block: Shield            |    79 |    46 |   195 |   510 |   825 |       |       |       |       ||  1655
       Reflection        |       |       |       |       |    27 |    94 |       |       |       ||   121
       Large shield      |       |       |       |       |   204 |  1629 |  1154 |  1214 |  1577 ||  5778
